 Dungeon Crawl Stone Soup version 0.29-a0-286-g41199d4a87 (webtiles) character file.

Game seed: 7730070542274379864

11546 Dabor the Fighter (level 11, -22/72 HPs)
             Began as a Gargoyle Fighter on Mar 16, 2022.
             Was a Priest of the Shining One.
             Killed from afar by a hellephant (53 damage)
             ... with a blast of flame
             ... on level 1 of the Abyss.
             The game lasted 00:25:27 (11399 turns).

Dabor the Fighter (Gargoyle Fighter)               Turns: 11399, Time: 00:25:27

Health: -22/72     AC: 19    Str: 25    XL:     11   Next: 79%
Magic:  0/16       EV:  7    Int: 10    God:    the Shining One [***...]
Gold:   562        SH: 26    Dex:  9    Spells: 10/10 levels left

rFire   . . .      SeeInvis .   P - +4 flail of Qietath {vorpal, Int+2}
rCold   + . .      Faith    .   J - +18 shield of the Gong {rElec rN+ Will+ EV-5}
rNeg    + + +      Spirit   +   G - +0 steam dragon scales
rPois   ∞          Reflect  .   (no helmet)
rElec   +          Harm     .   B - +0 cloak
rCorr   .          Rampage  .   m - +1 pair of gloves
Will    ++...                   (no boots)
Stlth   +.........              g - amulet of guardian spirit
HPRegen 0.22/turn               i - ring of protection from cold
MPRegen 0.15/turn               q - ring of willpower

@: mighty, hasted, glowing, very quick
A: sickness immunity, AC +8, negative energy resistance 1, electricity
resistance, torment resistance 1, petrification resistance
a: Renounce Religion, Divine Shield, Cleansing Flame


You were on level 1 of the Abyss.
You worshipped the Shining One.
The Shining One was most pleased with you.
You visited 2 branches of the dungeon, and saw 12 of its levels.
You visited the Abyss 1 time.
You also visited: Ossuary.

You collected 562 gold pieces.

Inventory:

Hand Weapons
 j - a +0 morningstar
 l - a +1 mace of protection
 P - the +4 flail of Qietath (weapon) {vorpal, Int+2}
   (You found it on level 10 of the Dungeon)

   It inflicts extra damage upon your enemies.
   Int:       It affects your intelligence (+2).
Missiles
 r - a throwing net
 w - 11 poisoned darts (quivered)
 z - 2 silver javelins
 A - 4 javelins
Armour
 c - a +0 buckler
 m - a +1 pair of gloves (worn)
 B - a +0 cloak (worn)
 G - +0 steam dragon scales (worn)
 J - the +18 shield of the Gong (worn) {rElec rN+ Will+ EV-5}
   (You found it on level 10 of the Dungeon)

   It is deafeningly noisy when blocking attacks.
   EV:        It affects your evasion (-5).
   rElec:     It insulates you from electricity.
   rN:        It protects you from negative energy.
   Will:      It increases your willpower.
Jewellery
 g - an amulet of guardian spirit (around neck)
 i - a ring of protection from cold (left hand)
 p - a ring of protection from fire
 q - a ring of willpower (right hand)
 M - a ring of protection from cold
Wands
 k - a wand of mindburst (17)
 y - a wand of paralysis (5)
 D - a wand of polymorph (10)
 E - a wand of iceblast (5)
 I - a wand of acid (5)
Scrolls
 a - 2 scrolls of fog
 b - 2 scrolls of blinking
 C - a scroll of magic mapping
 K - a scroll of enchant weapon
 L - 2 scrolls of teleportation
 N - a scroll of immolation
Potions
 d - 3 potions of might
 e - 8 potions of curing
 f - 2 potions of resistance
 n - 5 potions of attraction
 o - 5 potions of heal wounds
 t - 3 potions of flight
 u - 2 potions of invisibility {unknown}
 v - a potion of cancellation {unknown}
 x - 3 potions of brilliance {unknown}
 O - a potion of lignification {unknown}


   Skills:
 + Level 9.7 Fighting
 + Level 8.6 Maces & Flails
 - Level 4.0 Throwing
 + Level 9.6 Armour
 + Level 6.7 Dodging
 + Level 4.2 Shields
 + Level 7.1 Invocations


You had 10 spell levels left.
You didn't know any spells.
Your spell library contained the following spells:

 Spells                   Type           Power      Damage    Failure   Level
 Animate Skeleton         Necr           0%         N/A       73%         1
 Foxfire                  Conj/Fire      0%         2x1d4     73%         1
 Pain                     Necr           0%         1d4       73%         1
 Conjure Flame            Conj/Fire      0%         6-21      97%         3
 Inner Flame              Hex/Fire       0%         N/A       97%         3
 Tukima's Dance           Hex            0%         N/A       97%         3
 Vampiric Draining        Necr           0%         2d6       97%         3
 Anguish                  Hex/Necr       0%         N/A       100%        4
 Flame Wave               Conj/Fire      0%         2d4       100%        4
 Iskenderun's Battlesphe  Conj           0%         2d6       100%        5
 Iron Shot                Conj/Erth      0%         9d1       100%        6
 Enfeeble                 Hex            0%         N/A       100%        7
 Spellforged Servitor     Conj/Summ      0%         N/A       100%        7


Dungeon Overview and Level Annotations

Branches:
Dungeon (11/15)            Temple (1/1) D:5            Lair (0/6) D:9
Ossuary (visited)
    Orc: D:9-12

Altars:
Ashenzari
Cheibriados
Dithmenos
Elyvilon
Fedhas
Gozag
Hepliaklqana
Kikubaaqudgha
Makhleb
Nemelex Xobeh
Okawaru
Qazlal
Ru
Sif Muna
Trog
Uskayaw
Vehumet
Wu Jian
Xom
Yredelemnul
Zin
The Shining One

Shops:
D:5 (   D:6 :   D:7 :

Annotations:
D:11 Nergalle, Sonja


Innate Abilities, Weirdness & Mutations

You are immune to sickness and miasma.
Your stone body is resilient. (AC +8)
You are immune to poison.
You resist negative energy. (rN+)
You are resistant to electric shocks. (rElec)
You are resistant to unholy torment.
You are immune to petrification.


Message History

You block the small abomination's attack.
BONNNG!
The small abomination hits you! The hellephant tramples you!
You hold your ground!
You block the hellephant's attack.
GONNNNG!
The hellephant gores you but does no damage.
You sock the hellephant!
The hellephant is lightly wounded.
You block the small abomination's attack.
PTOANNNG!
You block the hellephant's attack.
BOUMMMMG!
The hellephant bites you but does no damage.
You block the hellephant's attack.
GONNNNG!
You hit the hellephant but do no damage.
The hellephant is lightly wounded.
You block the small abomination's attack.
GONNNNG!
The hellephant tramples you.
You hold your ground!
You block the hellephant's attack.
GONNNNG!
The hellephant gores you!
Press: ? - help, v - describe, . - travel
Here: a hellephant (lightly wounded, very poisoned, haloed)
The floor.
Okay, then.
You feel yourself speed up.
You block the small abomination's attack.
BOUMMMMG!
The hellephant blinks!
A white imp comes into view.
The small abomination hits you!
You hear a shout!
You feel very mighty all of a sudden.
The white imp grinds its teeth.
The hellephant breathes flames at you. The blast of flame hits you!!!
Ouch! That really hurt!
You die...

..... ...#...#
.#.##......(...# .
#
........#......#.
. ....
...........##.
#....
.........#....
#...##..Y...#...
..
.#..(.........#..
.#.
.....(..§....#.#..
..
......x@..........
..
.....(........####
###...#..#####..
.# .....##... #.
##5.. ....# ..##
#.#.#. # .#.#...
.##.


You could see a hellephant (very poisoned, catching breath), a small abomination
and a white imp.

Vanquished Creatures
  A cyclops (D:11)
  2 ugly things
  Joseph (D:7)
  2 vault sentinels (D:10)
  Psyche (D:10)
  An unseen horror (D:9)
  An ancient zyme (Abyss:1)
  2 trolls
  2 shadows (D:10)
  22 yaks
  A wyvern (D:9)
  2 steam dragons
  A chaos spawn (Abyss:1)
  2 wargs (D:10)
  A water moccasin (D:5)
  3 sky beasts
  3 orc warriors
  4 ice beasts
  An ogre (D:7)
  4 centaurs
  4 phantoms
  4 kobold brigands
  4 bullfrogs
  A necrophage (D:5)
  4 scorpions
  A gnoll sergeant (D:5)
  12 wights
  3 killer bees (D:10)
  3 electric eels (D:7)
  2 howler monkeys
  A crimson imp (D:8)
  4 hounds
  A human zombie (Ossuary)
  2 orc priests
  3 jellies
  Crazy Yiuf (D:5)
  5 iguanas
  4 orc wizards
  4 mummies (Ossuary)
  5 gnolls
  7 adders
  4 white imps
  An ufetubus (Abyss:1)
  An adder zombie (Ossuary)
  A worm (D:3)
  A dart slug (D:1)
  8 orcs
  4 ball pythons
  3 endoplasms
  4 giant cockroaches
  5 gnoll zombies (Ossuary)
  10 goblins
  9 hobgoblins
  7 jackals
  30 kobolds
  5 quokkas
  8 bats
  3 frilled lizards
  2 goblin zombies (Ossuary)
  A kobold zombie (Ossuary)
  2 orc zombies (Ossuary)
  5 rats
246 creatures vanquished.

Vanquished Creatures (others)
  5 plants (D:7)
5 creatures vanquished.

Grand Total: 251 creatures vanquished

Notes
Turn   | Place    | Note
-------+----------+-------------------------------------------
     0 | D:1      | Dabor the Gargoyle Fighter began the quest for the Orb.
     0 | D:1      | Reached XP level 1. HP: 14/14 MP: 1/1
   288 | D:1      | Found a faded altar of an unknown god.
   298 | D:1      | Reached XP level 2. HP: 19/19 MP: 2/2
   669 | D:1      | Reached XP level 3. HP: 23/23 MP: 3/3
  1306 | D:2      | Found a glowing silver altar of Zin.
  1457 | D:2      | Reached XP level 4. HP: 28/29 MP: 2/4
  2622 | D:4      | Identified the +7 quarterstaff of the Desolation of Salt
                  | {flame, Fragile rElec Int+2}
  2652 | D:4      | Reached skill level 1 in Dodging
  2652 | D:4      | Reached XP level 5. HP: 30/33 MP: 5/5
  2864 | D:4      | Reached XP level 6. HP: 37/39 MP: 6/6
  3645 | D:5      | Entered Level 5 of the Dungeon
  3713 | D:5      | Noticed an ice beast
  3731 | D:5      | Noticed a sky beast
  3735 | D:5      | Reached skill level 5 in Fighting
  3735 | D:5      | Reached skill level 5 in Armour
  3757 | D:4      | Killed a sky beast
  3758 | D:4      | Reached XP level 7. HP: 23/44 MP: 5/7
  4552 | D:5      | Found a staircase to the Ecumenical Temple.
  4580 | D:5      | Reached XP level 8. HP: 30/51 MP: 4/8
  4609 | D:5      | Reached skill level 5 in Maces & Flails
  4853 | D:5      | Found Faipna Zemi's Antique Weapon Shop.
  5208 | D:5      | Found a runed translucent door.
  5249 | Temple   | Entered the Ecumenical Temple
  5376 | Temple   | Became a worshipper of the Shining One
  5559 | D:5      | Noticed Crazy Yiuf
  5567 | D:5      | Killed Crazy Yiuf
  5669 | D:6      | Found a sand-covered staircase.
  5676 | D:6      | Reached skill level 1 in Invocations
  5698 | D:6      | Reached XP level 9. HP: 42/56 MP: 7/10
  5703 | Ossuary  | Entered an ossuary
  5703 | Ossuary  | Reached * piety under the Shining One
  6159 | D:6      | Found Cikhleiq's Book Shop.
  6241 | D:6      | Noticed a troll
  6248 | D:6      | Killed a troll
  6249 | D:6      | Reached skill level 1 in Throwing
  6735 | D:7      | Reached ** piety under the Shining One
  6893 | D:7      | Found a radiant altar of Vehumet.
  7228 | D:7      | Found Deqaphof's Book Boutique.
  7293 | D:7      | Found an ornate altar of the Wu Jian Council.
  7367 | D:8      | Reached XP level 10. HP: 44/64 MP: 7/13
  7376 | D:7      | Reached skill level 5 in Dodging
  7604 | D:8      | Noticed Joseph
  7624 | D:7      | Killed Joseph
  8248 | D:8      | Found a snail-covered altar of Cheibriados.
  8257 | D:8      | Noticed a red ugly thing
  8271 | D:8      | Reached skill level 5 in Invocations
  8597 | D:8      | Found a shimmering altar of Xom.
  8597 | D:8      | Found a burning altar of Makhleb.
  8655 | D:8      | Killed a red ugly thing
  8997 | D:9      | Found a staircase to the Lair.
  9102 | D:9      | Noticed an unseen horror
  9108 | D:9      | Killed an unseen horror
  9333 | D:9      | Reached *** piety under the Shining One
  9428 | D:9      | Reached XP level 11. HP: 64/69 MP: 15/15
  9932 | D:10     | Entered Level 10 of the Dungeon
 10116 | D:10     | Noticed Psyche
 10128 | D:10     | Killed Psyche
 10238 | D:10     | Found an iron altar of Okawaru.
 10238 | D:10     | Found a broken altar of Ashenzari.
 10725 | D:10     | Found the +18 shield of the Gong {rElec rN+ Will+ EV-5}
 10820 | D:10     | Identified the +4 flail of Qietath {vorpal, Int+2}
 11229 | D:11     | Noticed a purple ugly thing
 11237 | D:11     | Noticed a cyclops
 11240 | D:11     | Killed a purple ugly thing
 11241 | D:11     | Noticed Sonja
 11272 | D:11     | Killed a cyclops
 11338 | D:11     | Noticed Nergalle
 11341 | D:11     | Cast into level 1 of the Abyss (Sonja)
 11381 | Abyss:1  | Noticed a hellephant
 11399 | Abyss:1  | Killed from afar by a hellephant

Illustrated notes

Levels and vault maps discovered:
D:1:      tarquinn_simple_flora_water_d, layout_basic,
          ebering_ecumenical_altar_sacrificial, minmay_splitting_lines
D:2:      minmay_diamond_boxcup, layout_rooms, basic_altar, solitary_fountain,
          minmay_misc_feat_cross, grunt_ministairs_9, nrook_loot_triangle,
          item_on_display_a
D:3:      layout_basic
D:4:      layout_cave_pods
D:5:      layout_loops_ring, minmay_temple_entry_tees, serial_shops, shop,
          minmay_between, uniq_crazy_yiuf_cottage
D:6:      layout_rooms, serial_corexii_hall, corexii_hall_statues_l,
          corexii_hall_statues_l, corexii_hall_statues_t,
          chequers_hall_statues_y, serial_shops, nicolae_shop_statue_plus,
          nicolae_ossuary_entry_ruins, serial_bayou_pond_d, st_stairs_3
D:7:      layout_cave_pools, nicolae_vehumet_altar_sigil,
          mainiacjoe_overflow_alcove_1, hangedman_decor_lopped,
          serial_bayou_ford_a, serial_bayou_pond_d, nicolae_take_the_stairs
D:8:      layout_cave_pools, grunt_temple_overflow_champion_of_chaos,
          lemuel_doored_altar, minmay_microvault, uniq_joseph
D:9:      layout_irregular_city, dpeg_oklobed_lair, serial_glass,
          glass_columns_b, glass_columns_b
D:10:     layout_basic, gammafunk_temple_overflow_wave,
          hellmonk_guarded_unrand_gong, uniq_psyche
D:11:     layout_small_grid, minmay_orc_entry_guard_dogs, uniq_erolcha,
          uniq_sonja, uniq_nergalle
Temple:   regret_index_temple_waves
Abyss:1:  base:
D:8

Skill      XL: |  1  2  3  4  5  6  7  8  9 10 11 |
---------------+----------------------------------+-----
Fighting       | 4 5 6 7 8 9 |  9.7
Armour         | 4 5 6 7 8 9 |  9.6
Maces & Flails | 3 4 5 6 7 8 |  8.6
Dodging        | 1 2 3 4 5 6 |  6.7
Invocations    | 1 4 5 7 |  7.1
Throwing       | 2 4 |  4.0
Shields        | 4 |  4.2

Action                   |  1- 3 |  4- 6 |  7- 9 | 10-12 || total
-------------------------+-------+-------+-------+-------++-------
Melee: Flail             |   105 |    74 |       |    51 ||   230
       Quarterstaff      |       |    68 |   211 |   242 ||   521
Throw: Dart              |       |       |     7 |     7 ||    14
       Javelin           |       |       |       |    10 ||    10
       Throwing net      |       |       |       |     2 ||     2
Invok: Divine Shield     |       |       |       |     1 ||     1
Evoke: Wand              |       |       |     4 |       ||     4
  Use: Scroll            |       |     6 |     3 |    10 ||    19
       Potion            |       |       |       |     3 ||     3
Armor: Scale mail        |    55 |    90 |   129 |    32 ||   306
       Steam dragon scal |       |       |       |   118 ||   118
Dodge: Dodged            |    59 |    83 |   125 |   164 ||   431
Block: Buckler           |    31 |    17 |       |       ||    48
       Other             |       |       |       |    10 ||    10
       Kite shield       |       |       |       |    77 ||    77

Table legend: (Time is in decaauts)
 A = Elapsed time spent in this place.
 B = Non-inter-level travel time spent in this place.
 C = Inter-level travel time spent in this place.
 D = Time resting spent in this place.
 E = Time spent auto-exploring this place.
 F = Levels seen in this place.
 G = Mean time per level.
                   A        B        C        D        E       F      G
               +--------+--------+--------+--------+--------+-----+--------+
         Total |  11544 |  10715 |    829 |   1447 |   7038 |  14 |  824.6 |
       Dungeon |  11065 |  10344 |    721 |   1403 |   6915 |  11 | 1005.9 |
        Temple |    185 |     77 |    108 |      0 |     58 |   1 |  185.0 |
         Abyss |     60 |     60 |      0 |      0 |      0 |   1 |   60.0 |
       Ossuary |    232 |    232 |      0 |     44 |     64 |   1 |  232.0 |
               +--------+--------+--------+--------+--------+-----+--------+

Top non-repeatable levels by time:
     D:4: 1575 daAuts
    D:10: 1377 daAuts
     D:5: 1292 daAuts
     D:7: 1239 daAuts
     D:8: 1074 daAuts
     D:3: 976 daAuts
     D:9: 949 daAuts
     D:1: 864 daAuts
     D:6: 851 daAuts
     D:2: 823 daAuts
 Ossuary: 232 daAuts
  Temple: 185 daAuts
 Abyss:1: 60 daAuts
    D:11: 40 daAuts
